 Dungeon Crawl Stone Soup version 0.31-a0-1338-gb567cfdca4 (webtiles) character file.

Game seed: 13235822699510809196

1463 jestert79 the Spear-Bearer (level 8, -11/60 HPs)
             Began as a Merfolk Fighter on Dec 21, 2023.
             Was a Priest of Wu Jian.
             Mangled by a two-headed ogre
             ... wielding a +0 giant club
              (16 damage)
             ... on level 7 of the Dungeon.
             The game lasted 00:11:46 (4431 turns).

jestert79 the Spear-Bearer (Merfolk Fighter)        Turns: 4431, Time: 00:11:46

Health: -11/60     AC:  7    Str: 24    XL:     8   Next: 77%
Magic:  8/8        EV: 15    Int:  7    God:    Wu Jian [***...]
Gold:   296        SH:  5    Dex: 14    Spells: 7/7 levels left

rFire   . . .        a - +0 trident
rCold   . . .        c - +0 buckler
rNeg    . . .        b - +0 scale mail
rPois   .            (no helmet)
rElec   .            (no cloak)
rCorr   .            G - +0 pair of gloves
SInv    .            (no boots)
Will    .....        i - amulet of regeneration
Stlth   +            H - ring of Lainaafi {Str+6 Stlth+}
HPRegen 1.10/turn    m - +5 ring of evasion
MPRegen 0.11/turn

%: no passive effects
@: no status effects
A: (nimble swimmer 2), mertail
a: Renounce Religion, Wall Jump, Serpent's Lash


You were on level 7 of the Dungeon.
You worshipped Wu Jian.
Wu Jian was most pleased with you.
You visited 1 branch of the dungeon, and saw 7 of its levels.

You collected 338 gold pieces.
You spent 42 gold pieces at shops.

Inventory:

Hand Weapons
 a - a +0 trident (weapon)
Missiles
 s - 5 javelins (quivered)
 u - 3 poisoned darts
 v - a throwing net
Armour
 b - a +0 scale mail (worn)
 c - a +0 buckler (worn)
 G - a +0 pair of gloves (worn)
Jewellery
 f - a ring of ice
 i - an amulet of regeneration (around neck)
 k - a ring of resist corrosion
 m - a +5 ring of evasion (right hand)
 p - a +6 ring of dexterity
 A - the ring "Hurappopt" {Fly rPois rF- rC++ rN+}
   (You found it on level 4 of the Dungeon)

   [ring of positive energy]

   rF-:       It makes you vulnerable to fire.
   rC++:      It greatly protects you from cold.
   rPois:     It protects you from poison rN+: It protects you from negative
   energy.
   Fly:       It grants you flight.
 B - a +4 ring of slaying
 H - the ring of Lainaafi (left hand) {Str+6 Stlth+}
   (You found it on level 6 of the Dungeon)

   [ring of strength]

   Str+6:     It affects your strength (+6).
   Stlth+:    It makes you more stealthy.
 I - a ring of flight
Wands
 K - a wand of flame (17)
 L - a wand of iceblast (8)
Scrolls
 g - 2 scrolls of teleportation
 h - a scroll of brand weapon {unknown}
 n - a scroll of noise
 o - 2 scrolls of poison {unknown}
 q - 2 scrolls of amnesia {unknown}
 r - 2 scrolls of immolation {unknown}
 t - 4 scrolls of identify
 y - a scroll of fear {unknown}
 z - 2 scrolls of fog {unknown}
 F - a scroll of enchant armour {unknown}
Potions
 d - 4 potions of might
 e - 2 potions of resistance {unknown}
 j - 2 potions of invisibility
 l - a potion of degeneration {unknown}
 w - a potion of curing {unknown}
 x - a potion of brilliance {unknown}
 C - 2 potions of attraction {unknown}
 D - a potion of berserk rage {unknown}
 E - a potion of cancellation {unknown}
 J - 2 potions of heal wounds {unknown}


   Skills:
 + Level 3.8 Fighting
 + Level 12.8 Polearms
 - Level 3.0 Throwing
 - Level 2.1 Armour
 + Level 2.0 Dodging
 - Level 3.0 Shields


You had 7 spell levels left.
You didn't know any spells.
Your spell library contained the following spells:

 Spells                   Type           Power      Damage    Failure   Level
 Sublimation of Blood     Necr           0%         N/A       91%         2
 Ozocubu's Armour         Ice            0%         N/A       99%         3
 Petrify                  Alch/Erth      0%         N/A       100%        4
 Irradiate                Conj/Alch      0%         3d11      100%        5
 Metabolic Englaciation   Hex/Ice        0%         N/A       100%        5
 Simulacrum               Ice/Necr       0%         N/A       100%        6


Dungeon Overview and Level Annotations

Branches:
Dungeon (7/15)             Temple (0/1) D:6

Altars:
Wu Jian

Shops:
D:2 *?   D:5 =   D:6 :

Annotations:
D:6 exclusion: downstairs


Innate Abilities, Weirdness & Mutations

((You are very nimble when in or above water. (Stealth+, EV+, Speed+++)))
Your lower body shifts to a powerful aquatic tail in water.


Message History

Unknown command.
There is a shaft here.
There is a stone staircase leading down here.
You climb downwards.
The two-headed ogre shouts in stereo!
There is a stone staircase leading up here.
Throw: 6 javelins
Press: ? - help, Q - select action, (/) - cycle Shift-Dir - straight line, f - two-headed ogre
Aim: a two-headed ogre, wielding a +0 giant club and a +0 giant spiked club (73% to hit)
You throw a javelin.
The javelin closely misses the two-headed ogre.
You block the two-headed ogre's attack. The two-headed ogre closely misses you.
You hit the two-headed ogre.
The two-headed ogre is lightly wounded.
You hit the two-headed ogre but do no damage.
The two-headed ogre is lightly wounded.
The two-headed ogre closely misses you.
The two-headed ogre hits you with a +0 giant spiked club!
You puncture the two-headed ogre!
The two-headed ogre is moderately wounded.
You puncture the two-headed ogre!
The two-headed ogre is heavily wounded.
The two-headed ogre hits you with a +0 giant club!
You block the two-headed ogre's attack.
You hit the two-headed ogre.
The two-headed ogre is heavily wounded.
You hit the two-headed ogre but do no damage.
The two-headed ogre is heavily wounded.
You barely miss the two-headed ogre.
The two-headed ogre is heavily wounded.
The two-headed ogre barely misses you.
The two-headed ogre hits you with a +0 giant spiked club!!
You barely miss the two-headed ogre.
The two-headed ogre is heavily wounded.
You hit the two-headed ogre but do no damage.
The two-headed ogre is heavily wounded.
The two-headed ogre hits you with a +0 giant club!
* * * LOW HITPOINT WARNING * * *
The two-headed ogre hits you with a +0 giant spiked club!
You die...

..###
...#
...#
#..# #
#..#.#
..#.#
#...#
#@..#
##O.#
..#
#^..
(#.#
.#.# .
# .


You could see a two-headed ogre.

Vanquished Creatures
  Pikel (D:6)
  2 black bears
  2 ogres
  A phantom (D:4)
  A bullfrog (D:6)
  A howler monkey (D:4)
  3 hounds (D:5)
  4 orc priests
  A jelly (D:5)
  An iguana (D:5)
  2 orc wizards (D:5)
  7 adders
  A bombardier beetle (D:6)
  2 white imps
  2 ufetubi (D:6)
  A worm (D:4)
  2 dart slugs
  17 orcs
  7 ball pythons
  4 bats (D:2)
  6 endoplasms
  3 giant cockroaches
  9 goblins
  10 hobgoblins
  5 quokkas
  4 frilled lizards
  5 kobolds
  7 rats
111 creatures vanquished.

Notes
Turn   | Place    | Note
-------+----------+-------------------------------------------
     0 | D:1      | jestert79 the Merfolk Fighter began the quest for the Orb.
     0 | D:1      | Reached XP level 1. HP: 18/18 MP: 1/1
    30 | D:1      | Reached skill level 3 in Polearms
   116 | D:1      | Reached XP level 2. HP: 23/24 MP: 2/2
   297 | D:1      | Reached skill level 4 in Polearms
   431 | D:2      | Found Vikoenod's Magic Scroll Boutique.
   440 | D:2      | Bought a scroll of identify for 28 gold pieces
   445 | D:2      | Bought a scroll of noise for 14 gold pieces
   611 | D:2      | Reached XP level 3. HP: 29/29 MP: 3/3
   724 | D:2      | Found a faded altar of an unknown god.
   733 | D:2      | Prayed at the altar of an unknown god.
   733 | D:2      | Became a worshipper of the Wu Jian Council
   733 | D:2      | Reached * piety under Wu Jian
   867 | D:2      | Reached skill level 5 in Polearms
   981 | D:2      | Found Hilag's Assorted Antiques.
  1111 | D:3      | Reached skill level 1 in Throwing
  1113 | D:3      | Reached XP level 4. HP: 35/35 MP: 4/4
  1612 | D:4      | Reached ** piety under Wu Jian
  1693 | D:4      | Noticed a phantom
  1708 | D:4      | Killed a phantom
  1709 | D:4      | Reached skill level 6 in Polearms
  1709 | D:4      | Reached XP level 5. HP: 40/41 MP: 5/5
  2183 | D:4      | Identified the ring "Hurappopt" {Fly rPois rF- rC++ rN+}
  2289 | D:4      | Reached XP level 6. HP: 47/47 MP: 6/6
  2576 | D:5      | Entered Level 5 of the Dungeon
  2620 | D:4      | Reached skill level 7 in Polearms
  2664 | D:5      | Reached skill level 8 in Polearms
  2730 | D:5      | Found Zaati's Jewellery Boutique.
  2804 | D:5      | Reached XP level 7. HP: 51/52 MP: 7/7
  2829 | D:5      | Reached *** piety under Wu Jian
  2871 | D:5      | Reached skill level 9 in Polearms
  3521 | D:5      | Reached skill level 10 in Polearms
  3670 | D:6      | Found a staircase to the Ecumenical Temple.
  3733 | D:6      | Reached XP level 8. HP: 58/58 MP: 8/8
  3740 | D:6      | Identified the ring of Lainaafi {Str+6 Stlth+}
  3774 | D:6      | Noticed Pikel
  3806 | D:6      | Killed Pikel
  3807 | D:6      | Reached skill level 12 in Polearms
  3861 | D:6      | Reached skill level 1 in Dodging
  4182 | D:6      | Found Heuryn's Book Shoppe.
  4344 | D:7      | Noticed a boulder beetle
  4344 | D:7      | Noticed a deep elf pyromancer
  4344 | D:7      | Noticed a green ugly thing
  4421 | D:7      | Noticed a two-headed ogre
  4431 | D:7      | Mangled by a two-headed ogre

Illustrated notes

Levels and vault maps discovered:
D:1:      dpeg_arrival_tiny_i, layout_rooms, hangedman_abyss_or_decor_stabs
D:2:      layout_loops_ring, serial_shops, shop, nicolae_shop_trees,
          basic_ecumenical_altar, grunt_ministairs_8
D:3:      cheibrodos_greedy_goblins, layout_rooms, serial_bayou_ford_a,
          dreamdust_mushroom_princess
D:4:      layout_loops_cross, serial_co_window_serial, co_window_corner_a,
          co_window_corner_a, co_window_paths_a, co_window_paths_b,
          co_window_of_opportunity_a, co_window_corner_cb, co_window_broadway_a,
          co_window_2corner, co_window_cross_4, co_window_2corner,
          co_window_4corner_b, co_window_4corner_a, glass_columns_a,
          glass_columns_c, glass_columns_a
D:5:      layout_basic, serial_shops, nicolae_shop_back_alley_shop
D:6:      layout_loops_ring, minmay_temple_entry_proselytizer, serial_shops,
          nicolae_shop_back_alley_shop, uniq_pikel
D:7:      minmay_skewed_foursquare, layout_basic, minmay_overflow_temple_hex,
          serial_shops, nicolae_shop_trees, minmay_manual_macuahuitl

Skill      XL: |  1  2  3  4  5  6  7  8 |
---------------+-------------------------+-----
Polearms       | 3 4 5 6 8 10 12 | 12.8
Throwing       | 1 2 3 |  3.0
Dodging        | 2 |  2.0
Fighting       | |  3.8
Armour         | |  2.1
Shields        | |  3.0

Action                     |  1- 3 |  4- 6 |  7- 9 || total
---------------------------+-------+-------+-------++-------
  Melee: Trident           |   113 |   167 |   151 ||   431
  Throw: Javelin           |       |     1 |     1 ||     2
         Dart              |       |       |     3 ||     3
Ability: Lunge             |       |     2 |     3 ||     5
         Whirlwind         |       |     2 |     1 ||     3
    Use: Scroll            |     1 |       |     1 ||     2
 Armour: Scale mail        |    41 |    62 |    57 ||   160
  Dodge: Dodged            |    61 |    72 |    53 ||   186
  Block: Buckler           |    15 |    23 |    21 ||    59

Table legend: (Time is in decaauts)
 A = Elapsed time spent in this place.
 B = Non-inter-level travel time spent in this place.
 C = Inter-level travel time spent in this place.
 D = Time resting spent in this place.
 E = Time spent auto-exploring this place.
 F = Levels seen in this place.
 G = Mean time per level.
                   A        B        C        D        E       F      G
               +--------+--------+--------+--------+--------+-----+--------+
         Total |   4410 |   4194 |    216 |     97 |   3187 |   7 |  630.0 |
       Dungeon |   4410 |   4194 |    216 |     97 |   3187 |   7 |  630.0 |
               +--------+--------+--------+--------+--------+-----+--------+

Top non-repeatable levels by time:
     D:5: 1006 daAuts
     D:4: 1004 daAuts
     D:2: 776 daAuts
     D:6: 710 daAuts
     D:3: 496 daAuts
     D:1: 344 daAuts
     D:7: 73 daAuts
